 Seeded DCSS version 0.30.1 (webtiles) character file.

Game seed: 784279740803775113 (custom seed)

1821 McKennaii the Destroyer (level 8, -17/57 HPs)
             Began as a Demigod Conjurer on July 11, 2023.
             Demolished by ymhsbmbesitwf's ghost (20 damage)
             ... on level 6 of the Dungeon.
             The game lasted 00:05:49 (7722 turns).

McKennaii the Destroyer (Demigod Conjurer)          Turns: 7722, Time: 00:05:49

Health: -17/57     AC:  6    Str:  8    XL:     8   Next: 55%
Magic:  3/22       EV: 12    Int: 28    God:
Gold:   91         SH:  0    Dex: 12    Spells: 11/21 levels left

rFire   . . .        l - staff of poison
rCold   . . .        (no shield)
rNeg    . . .        a - +0 robe
rPois   +            v - +1 helmet {SInv}
rElec   .            h - +0 cloak
rCorr   .            (no gloves)
SInv    +            c - +0 pair of boots
Will    .....        A - amulet of regeneration
Stlth   ++           E - ring of flight
HPRegen 1.09/turn    (no ring)
MPRegen 0.18/turn

%: no passive effects
@: flying
A: high MP 1, forlorn, divine attributes
a: no special abilities


You were on level 6 of the Dungeon.
You visited 1 branch of the dungeon, and saw 6 of its levels.
You also visited: Sewer.

You collected 256 gold pieces.
You spent 165 gold pieces at shops.

Inventory:

Hand Weapons
 j - a +3 dagger
Missiles
 F - a throwing net
Armour
 a - a +0 robe (worn)
 c - a +0 pair of boots (worn)
 h - a +0 cloak (worn)
 v - a +1 helmet of see invisible (worn)
Magical Staves
 l - a staff of poison (weapon)
Jewellery
 A - an amulet of regeneration (around neck)
 E - a ring of flight (left hand)
Wands
 u - a wand of roots (2)
 D - a wand of polymorph (4)
Scrolls
 d - 3 scrolls of poison {unknown}
 e - a scroll of immolation {unknown}
 f - 2 scrolls of enchant armour {unknown}
 m - 4 scrolls of blinking {unknown}
 p - 12 scrolls of identify {unknown}
 q - a scroll of torment {unknown}
 r - a scroll of noise {unknown}
 t - a scroll of silence {unknown}
 w - 2 scrolls of acquirement {unknown}
 x - 7 scrolls of teleportation {unknown}
 y - a scroll of magic mapping {unknown}
 z - 3 scrolls of amnesia {unknown}
Potions
 b - a potion of magic
 g - 3 potions of haste {unknown}
 i - 2 potions of ambrosia {unknown}
 k - 2 potions of flight {unknown}
 n - 2 potions of brilliance {unknown}
 o - 2 potions of degeneration {unknown}
 s - a potion of resistance {unknown}
 B - 2 potions of mutation {unknown}
 C - a potion of heal wounds


   Skills:
 - Level 1.7 Dodging
 - Level 1.7 Stealth
 + Level 7.0 Spellcasting
 + Level 8.3 Conjurations


You had 11 spell levels left.
You knew the following spells:

 Your Spells              Type           Power      Damage    Failure   Level
a - Magic Dart            Conj           100%       1d8       1%          1
b - Searing Ray           Conj           100%       2d8       1%          2
c - Iskenderun's Mystic   Conj/Tloc      33%        2d8       10%         4
d - Stone Arrow           Conj/Erth      66%        3d11      3%          3

Your spell library contained the following spells:

 Spells                   Type           Power      Damage    Failure   Level
 Dazzling Flash           Conj/Hex       66%        N/A       3%          3
 Sandblast                Erth           18%        2d7       5%          1
 Passwall                 Tmut/Erth      7%         N/A       9%          2
 Fulminant Prism          Conj/Hex       16%        3d11      10%         4


Dungeon Overview and Level Annotations

Branches:
Dungeon (6/15)             Temple (0/1) D:5           Sewer (visited)

Shops:
D:2 [

Annotations:
D:6 ymhsbmbesitwf's ghost, novice MiBe


Innate Abilities, Weirdness & Mutations

You have an increased reservoir of magic. (+10% MP)
You shall have no god before yourself.
Your divine heritage dramatically boosts your attributes as you level up.


Message History

Casting: Stone Arrow (dangerous; 3% risk of failure)
Confirm with . or Enter, or press ? or * to list all spells.
You erupt in a blast of force!
The mystic blast hits ymhsbmbesitwf's ghost.
Ymhsbmbesitwf's ghost is heavily damaged.
Ymhsbmbesitwf's ghost is knocked back by the mystic blast.
Unknown command.
The stone arrow misses ymhsbmbesitwf's ghost.
The stone arrow misses ymhsbmbesitwf's ghost.
The stone arrow hits ymhsbmbesitwf's ghost!
Ymhsbmbesitwf's ghost is severely damaged.
Ymhsbmbesitwf's ghost hits you!
Ymhsbmbesitwf's ghost attacks as you move away!
Ymhsbmbesitwf's ghost hits you.
Ymhsbmbesitwf's ghost attacks as you move away!
Ymhsbmbesitwf's ghost hits you!!
Ymhsbmbesitwf's ghost attacks as you move away!
Ymhsbmbesitwf's ghost hits you!
* * * LOW HITPOINT WARNING * * *
Casting: Stone Arrow (dangerous; 3% risk of failure)
Confirm with . or Enter, or press ? or * to list all spells.
You don't have enough magic to cast this spell.
Unknown command.
Unknown command.
Ymhsbmbesitwf's ghost attacks as you move away!
Ymhsbmbesitwf's ghost closely misses you.
Unknown command.
Ymhsbmbesitwf's ghost attacks as you move away!
Ymhsbmbesitwf's ghost misses you.
Unknown command.
Ymhsbmbesitwf's ghost attacks as you move away!
Ymhsbmbesitwf's ghost hits you!!
* * * LOW HITPOINT WARNING * * *
Casting: Stone Arrow (dangerous; 3% risk of failure)
Confirm with . or Enter, or press ? or * to list all spells.
Okay, then.
Okay, then.
Ymhsbmbesitwf's ghost attacks as you move away!
Ymhsbmbesitwf's ghost hits you!!
You die...

#..#(..(.###.....#.....#.....
#..#...8.##..........#####...
##..'.(...#........##...#.#...
#...'....♣#...................
#...'..(..#...................
#...#(...(#...............##.)
#...#.....#...........#.......
#.#########....###....###...[.
#..# #....W@.###..#.####.##.
##.#####....##..###.#...#..###
#........####....#.......###.
####.##......###............##..
##............#..................
...###....................##.....
.#####......#............###...##
..........................###..##
....P..)....P......P.......##...#


You could see ymhsbmbesitwf's ghost.

Vanquished Creatures
  A water moccasin (D:5)
  A black bear (D:6)
  An ice beast (D:5)
  3 ogres
  3 phantoms
  A kobold brigand (Sewer)
  A gnoll sergeant (D:6)
  4 scorpions
  A howler monkey (D:6)
  An orc priest (D:4)
  Ijyb (D:3)
  3 iguanas
  6 orc wizards
  Robin (D:3)
  10 gnolls
  13 adders
  A river rat (Sewer)
  An ufetubus (D:5)
  3 worms
  A dart slug (D:1)
  8 orcs
  12 endoplasms
  5 giant cockroaches
  19 goblins
  9 hobgoblins
  7 jackals
  8 quokkas
  11 ball pythons
  3 bats
  3 frilled lizards
  13 kobolds
  6 rats
161 creatures vanquished.

Notes
Turn   | Place    | Note
-------+----------+-------------------------------------------
     0 | D:1      | McKennaii the Demigod Conjurer began the quest for the Orb.
     0 | D:1      | Reached XP level 1. HP: 14/14 MP: 5/5
   250 | D:1      | Reached XP level 2. HP: 20/20 MP: 4/7
   253 | D:1      | Learned a level 2 spell: Searing Ray
   548 | D:1      | Reached skill level 4 in Conjurations
  1036 | D:2      | Reached XP level 3. HP: 26/26 MP: 3/9
  1482 | D:2      | Found Pokeelur's Armour Boutique.
  1647 | D:2      | Reached XP level 4. HP: 33/33 MP: 4/11
  1734 | D:2      | Learned a level 4 spell: Iskenderun's Mystic Blast
  2363 | D:3      | Found a glowing drain.
  2416 | Sewer    | Entered a sewer
  2859 | Sewer    | Noticed a kobold brigand
  2868 | Sewer    | Reached XP level 5. HP: 37/38 MP: 10/13
  2885 | Sewer    | Reached skill level 5 in Conjurations
  3078 | D:3      | Noticed Ijyb
  3088 | D:3      | HP: 1/38 [Ijyb/+0 club (7)]
  3101 | D:3      | HP: 1/57 [constriction (4)]
  3116 | D:3      | Killed Ijyb
  3270 | D:3      | Noticed Robin
  3277 | D:3      | Killed Robin
  3505 | D:2      | Bought a +1 helmet of see invisible for 165 gold pieces
  3945 | D:4      | Learned a level 3 spell: Stone Arrow
  3998 | D:4      | Noticed an ogre
  4094 | D:4      | Reached XP level 6. HP: 45/45 MP: 9/15
  4717 | D:4      | Reached skill level 6 in Conjurations
  4979 | D:4      | Reached XP level 7. HP: 35/50 MP: 7/17
  5036 | D:4      | Reached skill level 5 in Spellcasting
  5546 | D:5      | Entered Level 5 of the Dungeon
  5872 | D:5      | Reached skill level 7 in Conjurations
  5948 | D:5      | Found a staircase to the Ecumenical Temple.
  6334 | D:5      | Reached XP level 8. HP: 43/57 MP: 10/20
  7106 | D:6      | Reached skill level 8 in Conjurations
  7695 | D:6      | Found a runed translucent gate.
  7695 | D:6      | Found a runed translucent gate.
  7695 | D:6      | Found a runed translucent gate.
  7697 | D:6      | Noticed ymhsbmbesitwf's ghost (novice MiBe)
  7721 | D:6      | HP: 2/57 [ymhsbmbesitwf's ghost (19)]
  7722 | D:6      | Demolished by ymhsbmbesitwf's ghost

Illustrated notes

Levels and vault maps discovered:
D:1:      psy_arrival_conway, layout_basic, hangedman_decor_points, st_stairs_6
D:2:      layout_basic, basic_altar, serial_shops, shop
D:3:      layout_basic, nicolae_vehumet_radiance, cheibrodos_sewer_entry_drain,
          uniq_robin, uniq_ijyb
D:4:      nicolae_BIG_FREAKIN_CUBE, layout_basic, trog_antimagical,
          serial_aquarium, aquarium_bridge_long_joined
          [aquarium_subvault_bridge, aquarium_subvault_window,
          aquarium_subvault_window, aquarium_subvault_bridge,
          aquarium_subvault_bridge, aquarium_subvault_wall], aquarium_window_1,
          aquarium_window_1, aquarium_view_2b, aquarium_pool_1
D:5:      layout_basic, mainiacjoe_overflow_alcove_4,
          gammafunk_temple_overflow_elements, minmay_temple_entry_slanted
D:6:      layout_cave_pools, grunt_temple_overflow_growth_and_decay,
          ebering_ghost_rock_garden, kennysheep_boxes

Skill      XL: |  1  2  3  4  5  6  7  8 |
---------------+-------------------------+-----
Spellcasting   | 2 3 4 6 7 |  7.0
Conjurations   | 4 5 6 7 8 |  8.3
Dodging        | |  1.7
Stealth        | |  1.7

Action                     |  1- 3 |  4- 6 |  7- 9 || total
---------------------------+-------+-------+-------++-------
  Melee: Unarmed           |    22 |       |       ||    22
         Punch             |     2 |       |       ||     2
         Staff             |     6 |    42 |     7 ||    55
         Dagger            |     2 |       |       ||     2
   Cast: Magic Dart        |    92 |    66 |       ||   158
         Searing Ray       |     1 |    18 |     4 ||    23
         Stone Arrow       |       |    20 |    71 ||    91
         Iskenderun's Myst |       |       |     3 ||     3
    Use: Potion            |       |     4 |       ||     4
 Armour: Robe              |    17 |    22 |    17 ||    56
         Skin              |       |    18 |       ||    18
  Dodge: Dodged            |    32 |    45 |    19 ||    96
